 Dungeon Sprint DCSS version 0.20.1-1-g8b1a95d (webtiles) character file.

16637 potatolord6000 the Severer (level 12, -3/127 HPs)
             Began as a Hill Orc Monk on Sept 11, 2017.
             Was the Champion of Beogh.
             Killed from afar by a nagaraja (15 damage)
             ... with a splash of poison
             ... in the Dungeon (Sprint VII: "The Pits").
             The game lasted 00:10:22 (2566 turns).

potatolord6000 the Severer (Hill Orc Monk)          Turns: 2566, Time: 00:10:23

Health: -3/127     AC: 27    Str: 24    XL:     12   Next: 39%
Magic:  25/25      EV: 12    Int:  7    God:    Beogh [******]
Gold:   32         SH:  0    Dex: 13    Spells: 11/11 levels left

rFire    . . .     SeeInvis +   s - +1 broad axe (chop)
rCold    . . .     Gourm    .   (no shield)
rNeg     . . .     Faith    .   u - +7 plate armour
rPois    .         Spirit   .   (no helmet)
rElec    +         Reflect  .   t - +0 cloak
rCorr    .         Harm     .   j - +0 pair of gloves
MR       ++...     NoTele   +   (no boots)
Stlth    ..........             d - amulet "Eniosing" {rElec MR++ Regen+ Int-3 SInv}
Regen    0.8/turn               e - +3 ring of evasion
MPRegen  0.2/turn               f - +3 ring of evasion

@: mighty, lethally poisoned (-3 -> -4), constricted
A: walk on water
a: Smiting, Recall Orcish Followers, Give Item to Named Follower, Resurrection,
Renounce Religion


You were in the Dungeon.
You worshipped Beogh.
Beogh was exalted by your worship.
You were full.

You visited 1 branch You collected 32 gold pieces.

Inventory:

Hand Weapons
 s - a +1 broad axe of chopping (weapon)
Armour
 j - a +0 pair of gloves (worn)
 t - a +0 cloak (worn)
 u - a +7 plate armour (worn)
Jewellery
 d - the amulet "Eniosing" (around neck) {rElec MR++ Regen+ Int-3 SInv}
   (You found it in the Dungeon)

   [amulet of regeneration]

   It affects your intelligence (-3).
   It insulates you from electricity.
   It affects your resistance to hostile enchantments.
   It lets you see invisible.
   It increases your rate of regeneration.
 e - a +3 ring of evasion (left hand)
 f - a +3 ring of evasion (right hand)
Scrolls
 i - 2 scrolls of blinking
 k - 4 scrolls of remove curse
 l - 5 scrolls of amnesia
 m - a scroll of summoning
 r - 2 scrolls of fog
 v - 2 scrolls of identify
 x - a scroll of recharging
 y - a scroll of fear
Potions
 a - 2 potions of invisibility
 b - a potion of brilliance
 g - 3 potions of magic
 h - 4 potions of berserk rage
 z - a potion of cancellation
Comestibles
 c - 8 bread rations
 n - 43 fruits
 o - 6 meat rations
 w - 12 royal jellies


   Skills:
 + Level 17.9 Fighting
 + Level 19.3 Axes
 + Level 16.3 Armour
 - Level 2.4 Dodging
 - Level 1.5 Stealth
 + Level 18.9 Invocations


You had 11 spell levels left.
You didn't know any spells.

Dungeon Overview and Level Annotations

Branches:
Dungeon (1/1)

Altars:
Ashenzari
Cheibriados
Dithmenos
Elyvilon
Fedhas
Gozag
Hepliaklqana
Kikubaaqudgha
Makhleb
Nemelex Xobeh
Okawaru
Qazlal
Ru
Sif Muna
Trog
Uskayaw
Vehumet
Xom
Yredelemnul
Zin
The Shining One
Beogh
Jiyva
Lugonu


Message History

The orb of energy hits you!
* * * LOW HITPOINT WARNING * * *
The orb of energy explodes!
The anaconda closely misses you. The anaconda constricts you.
You hear a roar!
You hear a chilling moan. x2; You hear an angry hiss.
You hear a chilling moan.
You hear a deafening roar!
You miss the anaconda.
The anaconda is heavily wounded.
You feel yourself speed up.
The anaconda bites you but does no damage.
* * * LOW HITPOINT WARNING * * *
The anaconda constricts you.
The nagaraja gestures at you while chanting.
You resist with almost no effort. The anaconda bites you!
* * * LOW HITPOINT WARNING * * *
The anaconda constricts you. The nagaraja spits poison at you.
The splash of poison hits you!
You are poisoned.
You die...

.........''......
.........''...... ##
######..##..#... #a#
#.#..##...... #H# #h##..##......
#9# #c# #..####''## #N# #D#
#.o####''## #)#S# #..##...(..
#######@######..##.#)##. ####
................##.#|.'. __.#
................##.'):#. __.#
#####++###########.#}.'.
...###########++###########.+|.#.
##'##................##..##.##'#.
)'.##......#..#......##..##. ....
##.##................''..# #####
....'................''..########


You could see a nagaraja, a four-headed hydra, an anaconda, a polar bear, a
yaktaur, a harpy, a soldier ant and a molten gargoyle.

Vanquished Creatures
  A nagaraja (D)
  A frost giant (D)
  A deep elf sorcerer (D)
  A two-headed ogre (D)
  Sonja (D)
  An unseen horror (D)
  A sea snake (D)
  A swamp dragon (shapeshifter) (D)
  2 manticores (D)
  An ugly thing (D)
  3 deep elf magi (D)
  A guardian serpent (D)
  A black mamba (D)
  A kobold demonologist (D)
  A spiny frog (D)
  A guardian mummy (D)
  A tyrant leech (D)
  2 polar bears (D)
  A queen bee (shapeshifter) (D)
  4 jumping spiders (D)
  3 hornets (D)
  2 spriggans (D)
  A tarantella (D)
  A ynoxinul (D)
  2 wyverns (D)
  3 redbacks (D)
  2 small abominations (D)
  A neqoxec (D)
  A warg (D)
  A steam dragon (D)
  A soldier ant (D)
  A water moccasin (D)
  Duvessa (D)
  A porcupine (D)
  An eye of draining (D)
  A necrophage (D)
  7 wolves (D)
  A centaur (D)
  A big kobold (D)
  A scorpion (D)
  A quasit (D)
  An orc priest (D)
  An iguana (D)
  Ijyb (D)
  An orc wizard (D)
  A hell rat (D)
  A mummy (D)
  A river rat (D)
  2 ufetubi (D)
  An ooze (D)
  A worm (D)
  A leopard gecko (D)
  A ball python (D)
  A bat skeleton (D)
  A bat zombie (D)
  A giant cockroach (D)
  4 jackals (D)
  A kobold (D)
  A bat (D)
  A leopard gecko zombie (D)
  A rat (D)
85 creatures vanquished.

Vanquished Creatures (collateral kills)
  A deep elf mage (D)
  An orange demon (D)
  A kobold demonologist (D)
  A jumping spider (D)
  A hornet (D)
  A basilisk (D)
  A steam dragon (D)
  2 wolves (D)
  Dowan (D)
  2 orcs (D)
  A rat (D)
13 creatures vanquished.

Vanquished Creatures (others)
  An orc warrior (D)
  A gargoyle (D)
  7 orcs (D)
  3 orc wizards (D)
12 creatures vanquished.

Grand Total: 110 creatures vanquished

Notes
Turn   | Place    | Note
-------+----------+-------------------------------------------
     0 | D        | potatolord6000 the Hill Orc Monk began the quest for the Orb.
     0 | D        | Reached XP level 1. HP: 19/19 MP: 1/1
    46 | D        | Found a bloodstained altar of Trog.
    46 | D        | Found a deep blue altar of Sif Muna.
    46 | D        | Found a viscous altar of Jiyva.
    46 | D        | Found a hazy altar of Hepliaklqana.
    46 | D        | Found an opulent altar of Gozag.
    47 | D        | Found a glowing golden altar of the Shining One.
    47 | D        | Found a glowing silver altar of Zin.
    47 | D        | Found a basalt altar of Yredelemnul.
    47 | D        | Found a shimmering altar of Xom.
    47 | D        | Found a sacrificial altar of Ru.
    47 | D        | Found a stormy altar of Qazlal.
    47 | D        | Found an iron altar of Okawaru.
    47 | D        | Found a sparkling altar of Nemelex Xobeh.
    47 | D        | Found a burning altar of Makhleb.
    47 | D        | Found a blossoming altar of Fedhas.
    47 | D        | Found a white marble altar of Elyvilon.
    47 | D        | Found a shadowy altar of Dithmenos.
    47 | D        | Found a snail-covered altar of Cheibriados.
    49 | D        | Found a radiant altar of Vehumet.
    49 | D        | Found a corrupted altar of Lugonu.
    49 | D        | Found a roughly hewn altar of Beogh.
    51 | D        | Found an ancient bone altar of Kikubaaqudgha.
    51 | D        | Found a hide-covered altar of Uskayaw.
    51 | D        | Found a shattered altar of Ashenzari.
    59 | D        | Became a worshipper of Beogh the Brigand
    59 | D        | Reached * piety under Beogh
    59 | D        | Reached ** piety under Beogh
    81 | D        | Reached skill level 1 in Armour
    83 | D        | Reached skill level 1 in Invocations
    85 | D        | Reached XP level 2. HP: 21/28 MP: 1/3
    86 | D        | Reached *** piety under Beogh
   204 | D        | Reached skill level 5 in Axes
   452 | D        | Reached skill level 5 in Fighting
   452 | D        | Reached XP level 3. HP: 36/36 MP: 3/5
   455 | D        | Reached **** piety under Beogh
   532 | D        | Noticed a porcupine
   535 | D        | Noticed a warg
   537 | D        | Noticed a centaur
   537 | D        | Killed a porcupine
   537 | D        | Reached skill level 7 in Axes
   537 | D        | Reached skill level 5 in Armour
   537 | D        | Reached skill level 5 in Invocations
   537 | D        | Reached XP level 4. HP: 23/45 MP: 5/8
   537 | D        | Reached XP level 5. HP: 26/51 MP: 5/9
   558 | D        | Reached ***** piety under Beogh
   558 | D        | Reached skill level 8 in Axes
   559 | D        | Noticed a necrophage
   574 | D        | Killed a warg
   574 | D        | Reached skill level 9 in Axes
   574 | D        | Reached XP level 6. HP: 42/62 MP: 7/11
   582 | D        | Killed a necrophage
   582 | D        | Reached skill level 10 in Axes
   582 | D        | Reached XP level 7. HP: 43/70 MP: 8/13
   715 | D        | Noticed Ijyb
   738 | D        | Killed Ijyb
   747 | D        | Noticed a wyvern
   756 | D        | Killed a wyvern
   756 | D        | Reached skill level 10 in Fighting
   756 | D        | Reached skill level 11 in Axes
   844 | D        | Reached skill level 10 in Invocations
   861 | D        | Reached ****** piety under Beogh
   929 | D        | Noticed a redback
   929 | D        | Noticed a redback
   929 | D        | Noticed a jumping spider
   929 | D        | Noticed a jumping spider
   929 | D        | Noticed a tarantella
   929 | D        | Noticed a redback
   934 | D        | Killed a redback
   934 | D        | Reached XP level 8. HP: 81/81 MP: 14/16
   941 | D        | Killed a redback
   949 | D        | Killed a redback
   949 | D        | Reached skill level 12 in Axes
   961 | D        | Killed a tarantella
   961 | D        | Reached skill level 10 in Armour
   969 | D        | Killed a jumping spider
   972 | D        | Killed a jumping spider
   972 | D        | Reached skill level 13 in Axes
   972 | D        | Reached XP level 9. HP: 28/90 MP: 10/18
  1144 | D        | Noticed a jumping spider
  1144 | D        | Noticed a sea snake
  1146 | D        | Killed a sea snake
  1148 | D        | Killed a jumping spider
  1167 | D        | Noticed Sonja
  1167 | D        | Noticed a deep elf mage
  1170 | D        | Killed a deep elf mage
  1170 | D        | Reached skill level 14 in Axes
  1172 | D        | Gained Zorug as an ally
  1174 | D        | Killed Sonja
  1174 | D        | Reached XP level 10. HP: 73/102 MP: 20/20
  1232 | D        | Noticed a spiny frog
  1240 | D        | Noticed a kobold demonologist
  1243 | D        | Noticed a manticore
  1244 | D        | Noticed a kobold demonologist
  1244 | D        | Killed an unseen horror
  1244 | D        | Reached skill level 15 in Axes
  1254 | D        | Killed a kobold demonologist
  1260 | D        | Killed a spiny frog
  1260 | D        | Reached skill level 15 in Invocations
  1262 | D        | Killed a kobold demonologist
  1262 | D        | Killed a manticore
  1538 | D        | Noticed a guardian serpent
  1539 | D        | Noticed a spriggan rider
  1544 | D        | Reached skill level 16 in Axes
  1545 | D        | Paralysed by a hornet for 1 turns
  1548 | D        | Reached skill level 15 in Fighting
  1555 | D        | Killed a guardian serpent
  1600 | D        | Noticed Dowan
  1602 | D        | Noticed Duvessa
  1603 | D        | Noticed an orange demon
  1604 | D        | Noticed a deep elf mage
  1604 | D        | Noticed a deep elf mage
  1608 | D        | Killed Duvessa
  1609 | D        | Killed Dowan
  1612 | D        | Killed an orange demon
  1612 | D        | Reached XP level 11. HP: 29/112 MP: 22/22
  1628 | D        | Killed a deep elf mage
  1632 | D        | Killed a deep elf mage
  1632 | D        | Reached skill level 17 in Axes
  1901 | D        | Noticed a nagaraja
  1901 | D        | Noticed a deep elf mage
  1905 | D        | Killed a deep elf mage
  1914 | D        | Killed a nagaraja
  1914 | D        | Reached skill level 15 in Armour
  1956 | D        | Noticed a manticore
  1968 | D        | Killed a manticore
  1968 | D        | Reached skill level 18 in Axes
  2222 | D        | Noticed a deep elf sorcerer
  2222 | D        | Noticed a cyan ugly thing
  2222 | D        | Noticed a frost giant
  2222 | D        | Noticed a two-headed ogre
  2227 | D        | Killed a deep elf sorcerer
  2227 | D        | Reached XP level 12. HP: 118/125 MP: 23/25
  2240 | D        | Killed a frost giant
  2245 | D        | Reached skill level 19 in Axes
  2251 | D        | Killed a two-headed ogre
  2256 | D        | Got the amulet "Eniosing" {rElec MR++ Regen+ Int-3 SInv}
  2543 | D        | Noticed a deep elf annihilator
  2543 | D        | Noticed a nagaraja
  2543 | D        | Noticed a four-headed hydra
  2543 | D        | Noticed a spriggan rider
  2544 | D        | Noticed an anaconda
  2566 | D        | Killed from afar by a nagaraja

Skill      XL: |  1  2  3  4  5  6  7  8  9 10 11 12 |
---------------+-------------------------------------+-----
Fighting       | 4 5 6 8 9 10 12 13 15 17 | 17.9
Armour         | 1 2 5 6 7 9 10 12 13 15 16 | 16.3
Invocations    | 1 3 5 7 9 10 12 14 15 18 | 18.9
Axes           | 5 7 9 10 11 13 14 16 18 19 | 19.3
Dodging        | |  2.4
Stealth        | |  1.5

Action                   |  1- 3 |  4- 6 |  7- 9 | 10-12 || total
-------------------------+-------+-------+-------+-------++-------
Melee: Hand axe          |    26 |    40 |    56 |       ||   122
       Unarmed           |       |       |    17 |       ||    17
       Broad axe         |       |       |     7 |   153 ||   160
Invok: Smiting           |     1 |       |     7 |       ||     8
       Resurrection      |       |       |       |     5 ||     5
       Give Item to Name |       |       |       |     1 ||     1
       Recall Orcish Fol |       |       |       |     1 ||     1
  Use: Potion            |     1 |     3 |     6 |    24 ||    34
       Scroll            |       |       |       |     4 ||     4
 Stab: Sleeping          |     1 |       |       |       ||     1
       Distracted        |       |       |     1 |       ||     1
  Eat: Meat ration       |       |       |     2 |       ||     2
Armor: Robe              |     5 |       |       |       ||     5
       Plate armour      |     1 |    67 |    88 |   150 ||   306
       Skin              |       |       |     2 |       ||     2
Dodge: Dodged            |    20 |    19 |    52 |   171 ||   262
